 Dungeon Crawl Stone Soup version 0.29.1-14-g9c671dbff4 (webtiles) character file.

Game seed: 12006866842037100524

11 Mickster the Charlatan (level 2, 0/20 HPs)
             Began as a Demigod Wanderer on Feb 15, 2023.
             Killed by nerve-wracking pain
             ... invoked by Jessica
              (3 damage)
             ... on level 2 of the Dungeon.
             The game lasted 00:16:33 (936 turns).

Mickster the Charlatan (Demigod Wanderer)            Turns: 936, Time: 00:16:36

Health: 0/20       AC:  6    Str: 14    XL:     2   Next: 6%
Magic:  5/5        EV:  9    Int: 17    God:
Gold:   77         SH:  0    Dex:  9    Spells: 1/3 levels left

rFire   . . .      SeeInvis .   g - +1 whip
rCold   . . .      Faith    .   (no shield)
rNeg    . . .      Spirit   .   i - +0 scale mail
rPois   .          Reflect  .   (no helmet)
rElec   .          Harm     .   (no cloak)
rCorr   .          Rampage  .   (no gloves)
Will    .....                   (no boots)
Stlth   ..........              (no amulet)
HPRegen 0.06/turn               (no ring)
MPRegen 0.09/turn               (no ring)

@: lethally poisoned (0 -> -1)
A: high MP 1, forlorn, divine attributes
a: no special abilities


You were on level 2 of the Dungeon.
You visited 1 branch of the dungeon, and saw 2 of its levels.

You collected 77 gold pieces.

Inventory:

Hand Weapons
 a - a +0 club
 g - a +1 whip (weapon)
Armour
 i - a +0 scale mail (worn)
Wands
 d - a wand of flame (5) (quivered)
Potions
 f - a potion of berserk rage


   Skills:
 * Level 0.7 Maces & Flails
 + Level 1.3 Dodging
 + Level 0.1 Stealth
 + Level 1.0 Spellcasting
 + Level 1.0 Transmutations
 + Level 2.8 Poison Magic
 + Level 3.7 Evocations


You had one spell level left.
You knew the following spells:

 Your Spells              Type           Power      Damage    Failure   Level
a - Sting                 Tmut/Pois      28%        1d4       41%         1
b - Sandblast             Erth           0%         2d4       67%         1

Your spell library contained the following spells:

 Spells                   Type           Power      Damage    Failure   Level
 Shock                    Conj/Air       0%         1d3       67%         1
 Passwall                 Tmut/Erth      1%         N/A       75%         2
 Spider Form              Tmut/Pois      7%         N/A       80%         3
 Ignite Poison            Fire/Tmut/Pois 5%         N/A       86%         3
 Gell's Gravitas          Tloc           0%         N/A       96%         3
 Lesser Beckoning         Tloc           0%         N/A       96%         3
 Stone Arrow              Conj/Erth      0%         3d7       96%         3
 Teleport Other           Tloc           0%         N/A       96%         3
 Corpse Rot               Necr/Pois/Air  4%         N/A       100%        4


Dungeon Overview and Level Annotations

Branches:
Dungeon (2/15)

Annotations:
D:2 Jessica


Innate Abilities, Weirdness & Mutations

You have an increased reservoir of magic. (+10% MP)
You shall have no god before yourself.
Your divine heritage dramatically boosts your attributes as you level up.


Message History

Jessica blinks!
The frilled lizard bites you but does no damage.
The kobold hits you but does no damage. The adder bites you but does no damage.
The giant cockroach bites you but does no damage.
You barely miss the adder.
The adder is moderately wounded.
* * * LOW HITPOINT WARNING * * *
You feel sick. The adder misses you.
The frilled lizard bites you but does no damage.
Jessica casts a spell.
Jessica blinks!
The kobold hits you but does no damage. The giant cockroach closely misses you.
The adder bites you but does no damage.
You feel much better.
You feel sick. The frilled lizard barely misses you.
The kobold hits you with a +0 dagger. The giant cockroach barely misses you.
The adder closely misses you.
You closely miss the adder.
The adder is moderately wounded.
You feel sick.
The giant cockroach bites you but does no damage.
The frilled lizard bites you. The kobold completely misses you.
The adder bites you but does no damage.
You hit the adder.
The adder is heavily wounded.
You feel sick.
The giant cockroach bites you but does no damage.
The adder bites you but does no damage.
Jessica mumbles some strange words.
Jessica seems to speed up.
The frilled lizard bites you but does no damage.
The kobold hits you with a +0 dagger.
The quokka bites you but does no damage.
The giant cockroach closely misses you.
You hit the adder.
You kill the adder!
You feel sick. Jessica hits you with a +0 dagger.
* * * LOW HITPOINT WARNING * * *
The frilled lizard barely misses you. The kobold hits you but does no damage.
Jessica gestures at you while chanting. Pain shoots through your body!
You die...

########
#......### #
#......##..!
#...<.......
#..#...##.#.
#.#.)K@.......
#...wB@..#..#
........l#r.#
##
##.###......#
#. .....)....
.
.......##...#
........#
.....
$.......#
..#..#
.......##
..#...


You could see a worm, Jessica (fast), a quokka, a giant cockroach, a kobold and
a frilled lizard.

Vanquished Creatures
  An adder (D:2)
  A giant cockroach (D:2)
  A goblin (D:2)
  A quokka (D:1)
  2 ball pythons
  2 bats (D:1)
  A frilled lizard (D:1)
  3 kobolds
  2 rats (D:1)
14 creatures vanquished.

Vanquished Creatures (others)
  2 plants (D:1)
2 creatures vanquished.

Grand Total: 16 creatures vanquished

Notes
Turn   | Place    | Note
-------+----------+-------------------------------------------
     0 | D:1      | Mickster the Demigod Wanderer began the quest for the Orb.
     0 | D:1      | Mickster set off with the following items: a +0 club, a
                  | potion of heal wounds, a +0 robe, a wand of flame (5); and
                  | the following spells available to memorise: Sting, Spider
                  | Form, Ignite Poison, Corpse Rot.
     0 | D:1      | Reached XP level 1. HP: 14/14 MP: 4/4
   239 | D:1      | Learned a level 1 spell: Sting
   459 | D:1      | Learned a level 1 spell: Sandblast
   603 | D:1      | Got Plato's Compilation of Vapour
   913 | D:2      | Noticed Jessica
   921 | D:2      | Reached XP level 2. HP: 20/20 MP: 5/5
   932 | D:2      | HP: 1/20 [poisoned by an adder]
   936 | D:2      | Killed from afar by Jessica

Illustrated notes

Levels and vault maps discovered:
D:1:      beargit_arrival_greenhouse, layout_basic,
          shapermc_ecumenical_altar_rom_forum, minmay_misc_feat_rugged,
          serial_bayou_lake_a
D:2:      layout_loops_cross, uniq_jessica

Action                   || total
-------------------------++-------
Melee: Club              ||    28
       Whip              ||    30
  Use: Scroll            ||     4
       Potion            ||     3
Armor: Ring mail         ||    22
       Scale mail        ||    36
       Robe              ||     2
Dodge: Dodged            ||    63
